 Dungeon Crawl Stone Soup version 0.20.1-1-g8b1a95d (webtiles) character file.

24 polve the Slasher (level 2, 24/24 HPs)
             Began as a Demonspawn Berserker on July 10, 2017.
             Was a Follower of Trog.
             Got out of the dungeon alive.
             The game lasted 00:01:09 (1081 turns).

polve the Slasher (Demonspawn Berserker)            Turns: 1081, Time: 00:01:10

Health: 24/24      AC:  2    Str: 17    XL:     2   Next: 79%
Magic:  2/2        EV: 12    Int:  8    God:    Trog [*.....]
Gold:   83         SH:  0    Dex: 12    Spells: 1/1 levels left

rFire    . . .     SeeInvis .   a - +0 falchion
rCold    . . .     Gourm    .   (no shield)
rNeg     . . .     Faith    .   b - +0 animal skin
rPois    .         Spirit   .   (helmet restricted)
rElec    .         Reflect  .   (no cloak)
rCorr    .         Harm     .   (no gloves)
MR       .....                  (no boots)
Stlth    +.........             (no amulet)
Regen    0.1/turn               (no ring)
MPRegen  0.1/turn               (no ring)

@: no status effects
A: horns 1
a: Berserk, Burn Spellbooks, Renounce Religion


You escaped.
You worshipped Trog.
Trog was aware of your devotion.
You were not hungry.

You visited 1 branch of the dungeon, and saw 2 of its levels.

You collected 83 gold pieces.

Inventory:

Hand Weapons
 a - a +0 falchion (weapon)
Armour
 b - a +0 animal skin (worn)
 i - a +0 pair of boots
 m - a +0 cloak
Jewellery
 q - an uncursed ring of fire {unknown}
Scrolls
 f - 3 scrolls of amnesia {unknown}
 g - a scroll of recharging {unknown}
 h - 5 scrolls of identify {unknown}
 k - 2 scrolls of enchant armour {unknown}
 n - a scroll of fear {unknown}
Potions
 d - a potion of invisibility {unknown}
 e - a potion of curing {unknown}
 l - a potion of mutation {unknown}
 p - a potion of agility {unknown}
Comestibles
 c - 2 bread rations
 j - a meat ration
 o - 2 chunks of flesh


   Skills:
 - Level 3.0 Fighting
 + Level 3.7 Long Blades
 - Level 1.7 Armour
 - Level 1.7 Dodging


You had one spell level left.
You didn't know any spells.

Dungeon Overview and Level Annotations

Branches:
Dungeon (2/15)

Altars:


Innate Abilities, Weirdness & Mutations

You have a pair of small horns on your head.


Message History

What level of the Dungeon? (default 1, ? - help)
A frilled lizard comes into view.
Found a stone staircase leading down.
The helpless frilled lizard fails to defend itself.
You hit the frilled lizard.
You kill the frilled lizard!
Trog accepts your kill.
No target in view!
No target in view!
No target in view!
No target in view!
(D) Dungeon
Where to? (Enter - D:1 @ (x,y), ? - help)
There is a stone staircase leading up here.
You climb upwards.
There is a stone staircase leading down here.
There is a dry fountain here.
There is a staircase leading out of the dungeon here.
Are you sure you want to leave the Dungeon?
This will make you lose the game!
You have escaped!

.###.###############...........#.
.......#...............#..######.
.###.#...#######.#######..# #.
.....#####.............##### #.
######..........⌠..........### #.
.###...⌠.................⌠...###.
.##........⌠.........⌠........##.
.#.......(.....................#.
.#...⌠..........@..........⌠...#.
.#.............................#.
.##........⌠.........⌠........##.
..##...⌠.................⌠...##..
...###..........⌠..........###..#
##...#####.............#####...##
.#.#.)...###############.....###
.#.#.###.................#..##
.#.#.#........#......#####..#


There were no monsters in sight!

Vanquished Creatures
  A dart slug (D:1)
  A giant cockroach (D:1)
  5 goblins (D:1)
  A hobgoblin (D:1)
  2 kobolds (D:1)
  6 bats
  A frilled lizard (D:2)
  2 rats (D:1)
19 creatures vanquished.

Notes
Turn   | Place    | Note
-------+----------+-------------------------------------------
     0 | D:1      | polve the Demonspawn Berserker began the quest for the Orb.
     0 | D:1      | Reached XP level 1. HP: 18/18 MP: 1/1
    47 | D:1      | Gained mutation: You have a pair of small horns on your head. [demonic ancestry]
    47 | D:1      | Reached XP level 2. HP: 24/24 MP: 2/2
  1081 | D:$      | Got out of the dungeon alive.

Skill      XL: |  1 |
---------------+----+-----
Long Blades    | 3 |  3.7
Fighting       | |  3.0
Armour         | |  1.7
Dodging        | |  1.7

Action                   || total
-------------------------++-------
Melee: Falchion          ||    35
       Headbutt          ||     3
Invok: Berserk           ||     1
 Stab: Sleeping          ||     3
  Eat: Chunk             ||     1
Armor: Animal skin       ||     9
Dodge: Dodged            ||    32
       Rpst.: Falchion   ||    13
